 Dungeon Crawl Stone Soup version 0.22-a0-247-gbddf880757 (webtiles) character file.

501 NooBeakApe the Ruffian (level 6, 0/61 HPs)
             Began as a Troll Assassin on Feb 27, 2018.
             Slain by a mummy (15 damage)
             ... in an ossuary.
             The game lasted 00:04:54 (2368 turns).

NooBeakApe the Ruffian (Troll Assassin)             Turns: 2368, Time: 00:04:54

Health: 0/61       AC:  6    Str: 20    XL:     6   Next: 95%
Magic:  5/5        EV: 10    Int:  7    God:
Gold:   128        SH:  0    Dex: 13    Spells: 5/5 levels left

rFire    . . .     SeeInvis .     - Unarmed
rCold    . . .     Gourm    +   (no shield)
rNeg     . . .     Faith    .   c - +0 robe
rPois    +         Spirit   .   (helmet restricted)
rElec    .         Reflect  .   d - +0 cloak
rCorr    .         Harm     .   (gloves unavailable)
MR       .....                  (boots unavailable)
Stlth    ++........             (no amulet)
HPRegen  0.60/turn              m - ring of poison resistance
MPRegen  0.09/turn              (no ring)

@: no status effects
A: large, unfitting armour, claws 3, fast metabolism 3, gourmand, regeneration
1, shaggy fur 1, tough skin 2
a: no special abilities


You were in an ossuary.
You were completely stuffed.

You visited 1 branch of the dungeon, and saw 4 of its levels.
You also visited: Ossuary.

You collected 128 gold pieces.

Inventory:

Hand Weapons
 a - a +2 dagger
 b - a +0 blowgun
Missiles
 e - 22 poisoned needles
 f - 2 curare-tipped needles
Armour
 c - a +0 robe (worn)
 d - a +0 cloak (worn)
Jewellery
 l - an uncursed ring of protection from cold {unknown}
 m - a ring of poison resistance (left claw)
Scrolls
 h - 3 scrolls of remove curse {unknown}
 j - 7 scrolls of identify {unknown}
 n - 3 scrolls of amnesia {unknown}
 q - a scroll of teleportation {unknown}
 s - a scroll of fear {unknown}
Potions
 i - 2 potions of heal wounds {unknown}
 k - a potion of agility {unknown}
 o - a potion of curing {unknown}
 p - a potion of lignification {unknown}
 r - a potion of magic {unknown}
 t - a potion of might {unknown}
 v - a potion of degeneration {unknown}
 w - a potion of haste {unknown}
 x - 2 potions of berserk rage {unknown}
Comestibles
 g - 8 rations
 u - 5 chunks of flesh


   Skills:
 + Level 3.1 Fighting
 - Level 1.5 Short Blades
 + Level 3.3 Throwing
 + Level 2.6 Dodging
 - Level 2.1 Stealth
 * Level 4.3 Unarmed Combat


You had 5 spell levels left.
You didn't know any spells.

Dungeon Overview and Level Annotations

Branches:
Dungeon (4/15)
 Temple: D:4-7

Altars:


Innate Abilities, Weirdness & Mutations

You are too large for most types of armour.
You have claws for hands.
Your metabolism is lightning-fast.
You like to eat raw meat.
Your natural rate of healing is unusually fast.
You are covered in fur. (AC +1)
You have very tough skin. (AC +2)


Message History

The world spins around you as you enter the gateway.
You enter an ossuary!
Found a gate leading back out of this place.
There is an empty arch of ancient stone here.
You open the door.
There is an open door here.
You open the door.
There is an open door here.
A mummy comes into view.
Found 3 fuming ruby potions and a scroll labeled XACOMUFOKH.
Found a scroll labeled FIUZXU RETH and a lumpy emerald potion.
The mummy hits you!
You scratch the mummy but do no damage. You barely miss the mummy.
The mummy hits you!
* * * LOW HITPOINT WARNING * * *
You scratch the mummy but do no damage. You scratch the mummy.
The mummy is lightly damaged.
The mummy hits you!
You die...

##### #!.?#
#?M!# #@#
###+### #.#
##.....## ##.+
##.......###..#
#.........#...+
+....⌠....'...#
#.........#...+
#.......###..#
##.....## ##.+


You could see a mummy.

Vanquished Creatures
  Grinder (D:3)
  A phantom (D:4)
  Blork the orc (D:4)
  A worker ant (D:4)
  An adder (D:3)
  An ooze (D:2)
  3 dart slugs
  4 worms
  3 leopard geckos
  3 orcs (D:4)
  A ball python (D:2)
  4 giant cockroaches
  11 goblins
  9 hobgoblins
  7 jackals
  7 kobolds
  2 quokkas
  6 bats
  4 frilled lizards
  2 quokka skeletons
  9 rats
81 creatures vanquished.

Notes
Turn   | Place    | Note
-------+----------+-------------------------------------------
     0 | D:1      | NooBeakApe the Troll Assassin began the quest for the Orb.
     0 | D:1      | Reached XP level 1. HP: 19/19 MP: 0/0
   179 | D:1      | Reached skill level 1 in Dodging
   179 | D:1      | Reached XP level 2. HP: 28/28 MP: 1/1
   185 | D:1      | Reached skill level 1 in Unarmed Combat
   446 | D:1      | Reached XP level 3. HP: 33/35 MP: 2/2
   807 | D:2      | Reached skill level 2 in Unarmed Combat
  1070 | D:2      | Reached XP level 4. HP: 42/42 MP: 3/3
  1366 | D:3      | Noticed Grinder
  1385 | D:3      | Paralysed by Grinder for 5 turns
  1405 | D:3      | HP: 2/42 [Grinder (5)]
  1406 | D:3      | Killed Grinder
  1406 | D:3      | Reached skill level 3 in Unarmed Combat
  1406 | D:3      | Reached XP level 5. HP: 3/52 MP: 4/4
  1406 | D:3      | Reached XP level 6. HP: 4/59 MP: 5/5
  2272 | D:4      | Noticed Blork the orc
  2295 | D:4      | Killed Blork the orc
  2295 | D:4      | Reached skill level 4 in Unarmed Combat
  2341 | D:4      | Found a sand-covered staircase.
  2349 | Ossuary  | Entered an ossuary
  2368 | Ossuary  | Slain by a mummy

Vault maps used:
D:1:      sevenhm_arrival_forest_fort_small_3
D:3:      wad_pebble_path, first_ration, uniq_grinder
D:4:      enter_ossuary_4, uniq_blork_the_orc, uniq_pikel
Ossuary:  ossuary_crypta

Skill      XL: |  1  2  3  4  5  6 |
---------------+-------------------+-----
Dodging        | 1 2 |  2.6
Throwing       | 2 3 |  3.3
Unarmed Combat | 1 2 3 4 |  4.3
Fighting       | 2 3 |  3.1
Short Blades   | |  1.5
Stealth        | |  2.1

Action                   |  1- 3 |  4- 6 || total
-------------------------+-------+-------++-------
Melee: Unarmed           |   120 |   119 ||   239
       Punch             |       |     2 ||     2
 Stab: Sleeping          |     5 |     5 ||    10
  Eat: Chunk             |    15 |    12 ||    27
Armor: Robe              |    48 |    24 ||    72
Dodge: Dodged            |    52 |    53 ||   105

Table legend:
 A = Spawn XP
 B = Non-spawn XP
 C = Spawn XP percentage of total XP
 D = Spawn monster count
 E = Non-spawn monster count
 F = Spawn count percentage of total count
 G = Total turns spent on level
                    A         B        C        D         E        F      G
               +---------+---------+-------+---------+---------+-------+---------
         Total |       0 |     717 |   0.0 |       0 |      81 |   0.0 |  2368
               +---------+---------+-------+---------+---------+-------+---------
           D:1 |       0 |      60 |   0.0 |       0 |      34 |   0.0 |   727
           D:2 |       0 |      37 |   0.0 |       0 |      16 |   0.0 |   425
           D:3 |       0 |     355 |   0.0 |       0 |      23 |   0.0 |  1035
           D:4 |       0 |     265 |   0.0 |       0 |       8 |   0.0 |   162
               +---------+---------+-------+---------+---------+-------+---------
